 Dungeon Crawl Stone Soup version 0.31.0-12-g77e489cdc1 (webtiles) character file.

Game seed: 14003710790107981472

963 PriceMaster the Sneak (level 8, -5/51 HPs)
             Began as an Octopode Conjurer on Feb 27, 2024.
             Slain by Maggie
             ... wielding a +3 halberd of venom
              (16 damage)
             ... on level 6 of the Dungeon.
             The game lasted 00:08:01 (6618 turns).

PriceMaster the Sneak (Octopode Conjurer)           Turns: 6618, Time: 00:08:02

Health: -5/51      AC:  1    Str:  6    XL:     8   Next: 15%
Magic:  3/13       EV: 13    Int: 22    God:
Gold:   206        SH:  0    Dex: 11    Spells: 3/14 levels left

rFire   x . .        p - staff of conjuration
rCold   + . .        (no shield)
rNeg    . . .        (helmet restricted)
rPois   +            (no amulet)
rElec   .            d - ring of ice
rCorr   +            f - ring of resist corrosion
SInv    .            k - ring of poison resistance
Will    .....        (no ring)
Stlth   ++++         (no ring)
HPRegen 0.28/turn    (no ring)
MPRegen 0.13/turn    (no ring)
                     (no ring)

%: no passive effects
@: attractive
A: almost no armour, amphibious, 8 rings, camouflage 1, gelatinous body 1,
(nimble swimmer 1), tentacles
a: no special abilities


You were on level 6 of the Dungeon.
You visited 1 branch of the dungeon, and saw 6 of its levels.

You collected 206 gold pieces.

Inventory:

Hand Weapons
 i - a +0 whip
Magical Staves
 p - a staff of conjuration (weapon)
Jewellery
 d - a ring of ice (left tentacle)
 f - a ring of resist corrosion (right tentacle)
 k - a ring of poison resistance (on tentacle)
 l - a ring of fire
Wands
 r - a wand of flame (24)
Scrolls
 a - a scroll of immolation {unknown}
 b - a scroll of noise
 e - a scroll of amnesia {unknown}
 h - a scroll of fog {unknown}
 j - a scroll of teleportation {unknown}
 m - 4 scrolls of identify {unknown}
 n - a scroll of summoning {unknown}
Potions
 c - a potion of berserk rage
 o - 2 potions of attraction
 q - a potion of mutation {unknown}


   Skills:
 * Level 2.6 Fighting
 + Level 1.8(2.4) Maces & Flails
 + Level 2.5(2.8) Staves
 + Level 3.1 Dodging
 * Level 6.7 Stealth
 + Level 0.4 Unarmed Combat
 + Level 3.6 Spellcasting
 * Level 6.2 Conjurations
 + Level 0.2 Translocations
 + Level 0.1 Alchemy


You had 3 spell levels left.
You knew the following spells:

 Your Spells              Type           Power      Damage    Failure   Level
a - Magic Dart            Conj           100%       1d8       1%          1
b - Searing Ray           Conj           94%        2d7       1%          2
c - Iskenderun's Mystic   Conj/Tloc      27%        2d7       30%         4
d - Fulminant Prism       Conj/Alch      13%        3d8       30%         4

Your spell library contained the following spells:

 Spells                   Type           Power      Damage    Failure   Level
 Static Discharge         Conj/Air       52%        3-6/arc   4%          2
 Dazzling Flash           Conj/Hex       52%        N/A       10%         3
 Irradiate                Conj/Alch      13%        3d16      65%         5


Dungeon Overview and Level Annotations

Branches:
Dungeon (6/15)
 Temple: D:4-7

Altars:
Fedhas
Nemelex Xobeh
Okawaru
Qazlal
Yredelemnul

Annotations:
D:6 Maggie


Innate Abilities, Weirdness & Mutations

You cannot wear most types of armour.
You are amphibious.
You can wear up to eight rings at the same time.
Your skin changes colour to match your surroundings (Stealth+).
Your rubbery body absorbs attacks. (AC +1, EV +1)
((You are camouflaged when in or above water. (Stealth+)))
You have tentacles for arms and can constrict up to eight enemies at once.


Message History

Your fulminant prism crackles loudly.
Your fulminant prism explodes!
The blast of energy engulfs Maggie.
Maggie is lightly wounded.
Maggie shouts!
The blast of energy engulfs your fulminant prism!
Your fulminant prism explodes!
You hear an angry hiss.
An iguana comes into view.
Casting: Fulminant Prism (quite dangerous; 30% risk of failure)
Confirm with . or Enter, or press ? or * to list all spells.
You don't have enough magic to cast this spell.
Aiming: Throw Flame
Press: ? - help, Shift-Dir - straight line, f - Maggie
Aim: Maggie, wielding a +3 halberd of venom and wearing +0 swamp dragon scales (lightly wounded, 72% to hit)
The puff of flame hits Maggie.
Maggie is lightly wounded.
As you read the scroll labelled PUBRUYB OMOESM, it crumbles to dust.
You hear a loud clanging noise!
It was a scroll of noise.
Found 12 gold pieces.
You hear the slow rusting of a very distant drain.
Maggie practices a pose.
Maggie attacks as she pursues you! Maggie completely misses you.
Maggie shouts, "Leave me alone!"
Your magical contamination has completely faded away.
Maggie casts a spell at you. The bolt of fire hits you!!!
The fire burns you terribly!
Ouch! That really hurt!
* * * LOW HITPOINT WARNING * * *
It was a potion of heal wounds.
You feel much better.
Casting: Fulminant Prism (quite dangerous; 30% risk of failure)
Confirm with . or Enter, or press ? or * to list all spells.
You don't have enough magic to cast this spell.
It was a potion of attraction.
You feel attractive to monsters. The iguana bites you!
* * * LOW HITPOINT WARNING * * *
Maggie hits you from afar with a +3 halberd of venom!
You die...

......... .........
#+###l..##...
##..##...##..≈
+............≈
#.........#...
######..# #.# #..≈
##...##..###.####..≈
+..@l@...........#..
#................#..
##.$.#############..
######+####.###.....###
..........'...+.....#..
.......<..#...#.....#..
######+#..#...........#
........#############..
........# #..


You could see Maggie and an iguana.

Vanquished Creatures
  Grinder (D:5)
  2 ogres
  Blork the orc (D:4)
  A jelly (D:5)
  An orc priest (D:5)
  A bombardier beetle (D:5)
  3 hounds
  2 sleepcaps
  4 orc wizards
  7 gnolls
  4 adders
  A white imp (D:5)
  4 dart slugs
  10 orcs
  5 ball pythons
  10 endoplasms
  2 giant cockroaches
  6 goblins
  5 hobgoblins
  3 jackals (D:1)
  8 kobolds
  4 quokkas
  6 bats
  4 frilled lizards
  5 rats
  A fulminant prism (D:6)
101 creatures vanquished.

Vanquished Creatures (others)
  3 fulminant prisms
3 creatures vanquished.

Grand Total: 104 creatures vanquished

Notes
Turn   | Place    | Note
-------+----------+-------------------------------------------
     0 | D:1      | PriceMaster the Octopode Conjurer began the quest for the
                  | Orb.
     0 | D:1      | Reached XP level 1. HP: 11/11 MP: 3/3
   195 | D:1      | Reached XP level 2. HP: 17/17 MP: 1/5
   198 | D:1      | Learned a level 2 spell: Searing Ray
   694 | D:1      | Reached XP level 3. HP: 21/21 MP: 4/6
  1407 | D:2      | Found a stormy altar of Qazlal.
  2038 | D:3      | Reached skill level 5 in Conjurations
  2038 | D:3      | Reached XP level 4. HP: 20/27 MP: 3/7
  2696 | D:3      | Reached XP level 5. HP: 25/32 MP: 2/8
  3275 | D:4      | Reached skill level 1 in Maces & Flails
  3575 | D:4      | Reached skill level 1 in Fighting
  3716 | D:4      | Noticed an ogre
  3721 | D:4      | Killed an ogre
  3722 | D:4      | Reached XP level 6. HP: 38/38 MP: 1/10
  4256 | D:4      | Noticed Blork the orc
  4263 | D:4      | Killed Blork the orc
  4596 | D:5      | Entered Level 5 of the Dungeon
  4615 | D:5      | Reached skill level 5 in Stealth
  4615 | D:5      | Reached XP level 7. HP: 21/44 MP: 8/11
  4839 | D:5      | Reached skill level 1 in Staves
  4839 | D:5      | Noticed Grinder
  4854 | D:5      | Killed Grinder
  5490 | D:5      | Learned a level 4 spell: Iskenderun's Mystic Blast
  5495 | D:5      | Learned a level 4 spell: Fulminant Prism
  5733 | D:5      | Found a basalt altar of Yredelemnul.
  5734 | D:5      | Found an iron altar of Okawaru.
  5762 | D:5      | Reached XP level 8. HP: 51/51 MP: 3/13
  5886 | D:5      | Found a blossoming altar of Fedhas.
  6133 | D:5      | Got the Catalogue of Trauma
  6586 | D:6      | Found a sparkling altar of Nemelex Xobeh.
  6599 | D:6      | Noticed Maggie
  6616 | D:6      | HP: 2/51 [Maggie/bolt of fire (43)]
  6618 | D:6      | Slain by Maggie

Illustrated notes

Levels and vault maps discovered:
D:1:      reono_arrival_mine, layout_loops_cross, minmay_close_crescents
D:2:      layout_basic, basic_altar, minmay_misc_feat_tiny
D:3:      layout_rooms, serial_co_window_serial, co_window_paths_b,
          co_window_paths_a, co_window_paths_b, co_window_corner_a,
          co_window_paths_b, co_window_cross_4, co_window_2corner,
          co_window_unsneaky_path_d, co_window_cross_4,
          co_window_of_opportunity_b, co_window_2corner, co_window_corner_b,
          co_window_4corner_b
D:4:      layout_loops_cross, uniq_blork_the_orc
D:5:      layout_loops_ring, kennysheep_mini_moat,
          mainiacjoe_overflow_divided_tiny, hangedman_decor_slide_cut,
          uniq_grinder
D:6:      minmay_octagon_keep, layout_gridville,
          mainiacjoe_overflow_small_starburst, gup_sewer_entry_spiral,
          uniq_maggie, uniq_menkaure

Skill      XL: |  1  2  3  4  5  6  7 |
---------------+----------------------+-----
Stealth        | 3 4 5 6 |  6.7
Conjurations   | 5 6 |  6.2
Maces & Flails | 1 |  1.8
Fighting       | 1 2 |  2.6
Spellcasting   | 3 |  3.6
Dodging        | 3 |  3.1
Staves         | 2 |  2.5
Unarmed Combat | |  0.4
Translocations | |  0.2
Alchemy        | |  0.1

Action                     |  1- 3 |  4- 6 |  7- 9 || total
---------------------------+-------+-------+-------++-------
  Melee: Unarmed           |    13 |       |       ||    13
         Tentacles         |     3 |    16 |     4 ||    23
         Constrict         |     4 |    22 |     4 ||    30
         Whip              |    11 |    24 |       ||    35
         Punch             |     1 |     1 |     1 ||     3
         Staff             |       |    43 |    13 ||    56
   Cast: Magic Dart        |    62 |    29 |    22 ||   113
         Searing Ray       |     3 |    11 |     7 ||    21
         Iskenderun's Myst |       |       |     4 ||     4
         Fulminant Prism   |       |       |     4 ||     4
  Evoke: Wand              |       |       |     1 ||     1
    Use: Potion            |       |       |     4 ||     4
         Scroll            |       |       |     1 ||     1
   Stab: Sleeping          |       |     6 |     1 ||     7
 Armour: Skin              |    10 |    36 |    14 ||    60
  Dodge: Dodged            |    19 |    46 |    12 ||    77
